 Dungeon Crawl Stone Soup version 0.23.2-40-g277498a001 (webtiles) character file.

Game seed: 1248592509742261511

95 Descartes the Shield-Bearer (level 4, -9/37 HPs)
             Began as a Formicid Fighter on Sept 10, 2019.
             Mangled by an ogre
             ... wielding a +0 giant spiked club
              (10 damage)
             ... on level 2 of the Dungeon.
             The game lasted 00:04:17 (1970 turns).

Descartes the Shield-Bearer (Formicid Fighter)      Turns: 1970, Time: 00:04:17

Health: -9/37      AC:  7    Str: 21    XL:     4   Next: 95%
Magic:  4/4        EV:  9    Int:  8    God:
Gold:   101        SH:  9    Dex: 10    Spells: 3/3 levels left

rFire    . . .     SeeInvis +   a - +0 war axe
rCold    . . .     Gourm    .   c - +0 shield
rNeg     . . .     Faith    .   b - +0 scale mail
rPois    .         Spirit   .   (helmet unavailable)
rElec    .         Reflect  .   (no cloak)
rCorr    .         Harm     .   (no gloves)
MR       .....                  (no boots)
Stlth    ..........             n - amulet of regeneration
HPRegen  0.52/turn              (no ring)
MPRegen  0.09/turn              (no ring)

@: no status effects
A: permanent stasis, dig shafts and tunnels, four strong arms, antennae 3
a: Dig, Shaft Self


You were on level 2 of the Dungeon.
You were not hungry.

You visited 1 branch of the dungeon, and saw 3 of its levels.

You collected 101 gold pieces.

Inventory:

Hand Weapons
 a - a +0 war axe (weapon)
Missiles
 i - 96 stones (quivered)
 k - 36 arrows
 p - 7 curare-tipped needles
 q - 4 javelins
 s - 23 sling bullets
Armour
 b - a +0 scale mail (worn)
 c - a +0 shield (worn)
Jewellery
 n - an amulet of regeneration (around neck)
Scrolls
 e - 2 scrolls of amnesia {unknown}
 j - a scroll of remove curse {unknown}
 o - 3 scrolls of identify {unknown}
 r - a scroll of teleportation {unknown}
Potions
 d - 2 potions of might
 g - 2 potions of lignification {unknown}
 h - 2 potions of degeneration {unknown}
 m - a potion of curing {unknown}
Comestibles
 f - 7 rations
 l - a chunk of flesh


   Skills:
 + Level 3.9 Fighting
 - Level 2.0 Axes
 + Level 3.9 Armour
 + Level 1.3 Dodging
 * Level 4.9 Shields


You had 3 spell levels left.
You didn't know any spells.
Your spell library was empty.

Dungeon Overview and Level Annotations

Branches:
Dungeon (3/15)

Altars:
Makhleb
Ru
Uskayaw
Vehumet
Wu Jian


Innate Abilities, Weirdness & Mutations

You cannot be hasted, slowed, berserked, paralysed or teleported.
You can dig through walls and to a lower floor.
Your four strong arms can wield two-handed weapons with a shield.
You have a pair of large antennae on your head. (SInv)


Message History

There is an open door here.
There is a stone staircase leading down here.
You hit the ogre.
The ogre is moderately wounded.
The ogre hits you with a +0 giant spiked club!
You hit the ogre.
The ogre is heavily wounded.
The ogre hits you with a +0 giant spiked club!
You barely miss the ogre.
The ogre is heavily wounded.
You block the ogre's attack.
You closely miss the ogre.
The ogre is heavily wounded.
The ogre hits you with a +0 giant spiked club!!
Ouch! That really hurt!
* * * LOW HITPOINT WARNING * * *
You hit the ogre but do no damage.
The ogre is heavily wounded.
The ogre hits you with a +0 giant spiked club!
You die...

.#.####.###.# #.###.####.#
.#...##.....###.#.#.# #.#
.......##...........# #.#
...#.#.##.#####.##### #.#
...#...##.# #.....# #.#
...##..##.# #####.# #.#
'#........# #.# #.#
###################.# #.#
....>..........O@...# #.#
#.#.##.........###### #.#
#.#.##.........'...# #.#
#.#'##......)..###.#####.#
#....#.........# #.......#
#....#.........# #########
#....#.........#
#....#.........#
#.#.##.........#


You could see an ogre.

Vanquished Creatures
  4 adders
  A worm (D:2)
  3 dart slugs
  A leopard gecko (D:1)
  An orc (D:2)
  5 goblins
  7 hobgoblins
  4 jackals (D:3)
  6 kobolds
  A quokka (D:3)
  A ball python (D:2)
  7 bats
  4 frilled lizards
  3 rats (D:2)
48 creatures vanquished.

Notes
Turn   | Place    | Note
-------+----------+-------------------------------------------
     0 | D:1      | Descartes the Formicid Fighter began the quest for the Orb.
     0 | D:1      | Reached XP level 1. HP: 18/18 MP: 1/1
    91 | D:1      | Reached XP level 2. HP: 18/24 MP: 2/2
   358 | D:1      | Reached skill level 4 in Shields
   462 | D:1      | Reached XP level 3. HP: 29/29 MP: 3/3
   967 | D:2      | Reached skill level 1 in Dodging
  1020 | D:2      | Found a burning altar of Makhleb.
  1023 | D:2      | Found an ornate altar of the Wu Jian Council.
  1025 | D:2      | Found a sacrificial altar of Ru.
  1272 | D:2      | Reached XP level 4. HP: 37/37 MP: 4/4
  1312 | D:2      | Found a hide-covered altar of Uskayaw.
  1315 | D:2      | Noticed a +0 hand axe
  1316 | D:2      | Noticed a +0 hand axe
  1881 | D:3      | Noticed an ogre
  1884 | D:3      | Found a radiant altar of Vehumet.
  1969 | D:2      | HP: 1/37 [ogre/+0 giant spiked club (22)]
  1970 | D:2      | Mangled by an ogre

Skill      XL: |  1  2  3 |
---------------+----------+-----
Shields        | 4 |  4.9
Dodging        | 1 |  1.3
Fighting       | |  3.9
Axes           | |  2.0
Armour         | |  3.9

Action                   |  1- 3 |  4- 6 || total
-------------------------+-------+-------++-------
Melee: War axe           |   117 |    88 ||   205
  Eat: Chunk             |     1 |     3 ||     4
Armor: Scale mail        |    56 |    48 ||   104
Dodge: Dodged            |    41 |    35 ||    76
Block: Shield            |    69 |    70 ||   139
